 Dungeon Crawl Stone Soup version 0.32-a0-871-ge202e49faa (webtiles) character file.

Game seed: 11730553932440115824

206 Autsider the Ruffian (level 5, -2/53 HPs)
             Began as a Troll Fighter on Mar 29, 2024.
             Slain by a gnoll
             ... wielding a +2 halberd of protection
             ... led by a gnoll bouda
              (9 damage)
             ... on level 3 of the Dungeon.
             The game lasted 00:04:06 (1906 turns).

Autsider the Ruffian (Troll Fighter)                Turns: 1906, Time: 00:04:07

Health: -2/53      AC:  5    Str: 24    XL:     5   Next: 53%
Magic:  4/4        EV:  8    Int:  4    God:
Gold:   177        SH:  8    Dex: 11    Spells: 4/4 levels left

rFire   . .          .
                       - Unarmed
rCold   . . .        b - +0 kite shield
rNeg    . . .        a - +0 robe
rPois   .            (helmet restricted)
rElec   .            i - +0 cloak
rCorr   .            (gloves unavailable)
SInv    .            (boots unavailable)
Will    .....        (no amulet)
Stlth   +            (no ring)
HPRegen 1.08/turn    (no ring)
MPRegen 0.09/turn

%: no passive effects
@: no status effects
A: large, unfitting armour, claws 3, regeneration 1, shaggy fur 1, tough skin 1
a: no special abilities


You were on level 3 of the Dungeon.
You visited 1 branch of the dungeon, and saw 4 of its levels.

You collected 177 gold pieces.

Inventory:

Armour
 a - a +0 robe (worn)
 b - a +0 kite shield (worn)
 i - a +0 cloak (worn)
Jewellery
 q - a ring of wizardry
 s - a ring of fire
Scrolls
 d - a scroll of vulnerability {unknown}
 g - a scroll of blinking {unknown}
 h - 6 scrolls of identify {unknown}
 j - 3 scrolls of noise {unknown}
 k - a scroll of summoning {unknown}
 l - a scroll of amnesia {unknown}
 m - a scroll of fear {unknown}
 r - a scroll of enchant weapon {unknown}
Potions
 c - a potion of might
 e - a potion of mutation {unknown}
 f - 2 potions of curing {unknown}
 n - a potion of degeneration {unknown}
 o - a potion of magic {unknown}
 p - a potion of lignification {unknown}


   Skills:
 + Level 3.1 Fighting
 + Level 3.1 Dodging
 + Level 3.5 Shields
 * Level 4.0 Unarmed Combat


You had 4 spell levels left.
You didn't know any spells.
Your spell library contained the following spells:

 Spells                   Type           Power      Damage    Failure   Level
 Kiss of Death            Conj/Necr      0%         2d5       77%         1
 Confusing Touch          Hex            0%         N/A       98%         3
 Volatile Blastmotes      Fire/Tloc      0%         2d10      98%         3
 Dispel Undead            Necr           0%         3d6       100%        4
 Fulminant Prism          Conj/Alch      0%         3d5       100%        4
 Iskenderun's Mystic Bla Conj/Tloc 0%             2d3        (+2d1     100%        4


Dungeon Overview and Level Annotations

Branches:
Dungeon (4/15)
 Temple: D:4-7

Altars:
Trog
Xom

Shops:
D:1 ?


Innate Abilities, Weirdness & Mutations

You are too large for most types of armour.
You have claws for hands.
Your natural rate of healing is unusually fast.
You are covered in fur. (AC +1)
You have tough skin. (AC +1)


Message History

You hear a shout!
The gnoll attacks as it pursues you!
The gnoll hits you from afar with a +2 halberd of protection!
The gnoll attacks as it pursues you! You block the gnoll's attack.
The gnoll hits you from afar with a +2 halberd of protection.
You block the gnoll's attack. The gnoll attacks as it pursues you!
The gnoll hits you from afar with a +2 halberd of protection!
The gnoll is no longer moving quickly.
The gnoll attacks as it pursues you! You block the gnoll's attack.
The gnoll hits you from afar with a +2 halberd of protection.
There is a stone staircase leading up here.
The gnoll is no longer moving quickly.
The gnoll hits you with a +0 spear.
The gnoll bouda barks out a call to the hunt!
The gnolls pick up the pace!
The gnoll hits you with a +2 halberd of protection!
* * * LOW HITPOINT WARNING * * *
You hear a shout!
There is a stone staircase leading up, spattered with blood here.
The gnoll hits you with a +0 spear.
* * * LOW HITPOINT WARNING * * *
The gnoll bouda gazes fiercely through you!
You feel your attacks grow feeble.
The gnoll hits you with a +2 halberd of protection!
* * * LOW HITPOINT WARNING * * *
You hear a shout!
You climb upwards.
There is a stone staircase leading down here.
You barely miss the gnoll. You block the gnoll's attack. x2
You claw the gnoll!
The gnoll is almost dead.
You block the gnoll's attack.
The gnoll hits you with a +2 halberd of protection.
* * * LOW HITPOINT WARNING * * *
You barely miss the gnoll.
The gnoll is almost dead.
Your attacks no longer feel as feeble.
The gnoll hits you with a +0 spear!
* * * LOW HITPOINT WARNING * * *
The gnoll hits you with a +2 halberd of protection!
You die...

#.#.....# #.# #..#.####...#
#.#.....######<####..#.####...#
#............#................#
###.....####.######..#.####....
#.....# #.######.<#.# #....
###.### #.........#.# ##... #.#
########.##.# ##.#
#>#############.##.# #.#
#........g@g....##.# #.#
##################.######.#
#........# ##########


You could see 2 gnolls.

Vanquished Creatures
  An ogre (D:2)
  An iguana (D:3)
  3 adders (D:2)
  A dart slug (D:2)
  A ribbon worm (D:2)
  2 orcs
  3 bats
  7 endoplasms
  5 giant cockroaches
  3 goblins (D:2)
  6 hobgoblins
  3 quokkas
  7 ball pythons
  A frilled lizard (D:1)
  3 kobolds
  5 rats (D:2)
52 creatures vanquished.

Notes
Turn   | Place    | Note
-------+----------+-------------------------------------------
     0 | D:1      | Autsider the Troll Fighter began the quest for the Orb.
     0 | D:1      | Reached XP level 1. HP: 22/22 MP: 0/0
   304 | D:1      | Found The Oracle's Delphic Readings.
   352 | D:1      | Reached XP level 2. HP: 29/29 MP: 1/1
   811 | D:2      | Reached XP level 3. HP: 30/36 MP: 2/2
   854 | D:2      | Noticed an ogre
   864 | D:2      | Killed an ogre
   865 | D:2      | Reached skill level 3 in Unarmed Combat
   865 | D:2      | Reached XP level 4. HP: 45/45 MP: 3/3
   892 | D:2      | Identified the +1 chain mail of the Inquisitive Eyes {rC+
                  | rN+ MP+9 Int-4}
   900 | D:2      | Reached XP level 5. HP: 48/53 MP: 4/4
  1170 | D:3      | Found a shimmering altar of Xom.
  1496 | D:3      | Found a faded altar of an unknown god.
  1749 | D:3      | Found a bloodstained altar of Trog.
  1861 | D:4      | Reached skill level 4 in Unarmed Combat
  1906 | D:3      | Slain by a gnoll

Illustrated notes

Levels and vault maps discovered:
D:1:      lightli_arrival_statuegarden, layout_basic,
          nicolae_nh_oracle_at_delphi
D:2:      layout_rooms, minmay_hexomino_f4
D:3:      layout_loops_ring, nicolae_overflow_crystal_walls,
          nicolae_overflow_hidden_temple,
          shapermc_ecumenical_altar_mp_ritualfount
D:4:      layout_basic, mainiacjoe_overflow_chevrons, nicolae_ru_awakened_eye

Skill      XL: |  1  2  3  4  5 |
---------------+----------------+-----
Shields        | 3 |  3.5
Fighting       | 3 |  3.1
Dodging        | 3 |  3.1
Unarmed Combat | 3 4 |  4.0

Action                     |  1- 3 |  4- 6 || total
---------------------------+-------+-------++-------
  Melee: Unarmed           |    49 |    74 ||   123
 Armour: Robe              |    17 |    38 ||    55
  Dodge: Dodged            |    13 |    18 ||    31
  Block: Kite shield       |    21 |    23 ||    44

Table legend: (Time is in decaauts)
 A = Elapsed time spent in this place.
 B = Non-inter-level travel time spent in this place.
 C = Inter-level travel time spent in this place.
 D = Time resting spent in this place.
 E = Time spent auto-exploring this place.
 F = Levels seen in this place.
 G = Mean time per level.
                   A        B        C        D        E       F      G
               +--------+--------+--------+--------+--------+-----+--------+
         Total |   1914 |   1770 |    144 |      0 |   1437 |   4 |  478.5 |
       Dungeon |   1914 |   1770 |    144 |      0 |   1437 |   4 |  478.5 |
               +--------+--------+--------+--------+--------+-----+--------+

Top non-repeatable levels by time:
     D:3: 710 daAuts
     D:1: 643 daAuts
     D:2: 513 daAuts
     D:4: 48 daAuts
